 Dungeon Crawl Stone Soup version 0.17.1-3-g152610e (webtiles) character file.

135 Mechanique the Conjurer (level 4, 0/30 HPs)
             Began as a Mummy Conjurer on Feb 26, 2016.
             Slain by Grinder (5 damage)
             ... on level 3 of the Dungeon.
             The game lasted 00:12:08 (3886 turns).

Mechanique the Conjurer (Mummy Conjurer)            Turns: 3886, Time: 00:12:08

Health: 0/30       AC:  2    Str: 11    XL:     4   Next: 97%
Magic:  0/8        EV: 12    Int: 15    God:
Gold:   142        SH:  0    Dex: 12    Spells: 1 memorised, 7 levels left

rFire  x . .     SeeInvis .     f - +0 trident
rCold  + . .     Clarity  .     a - +0 robe
rNeg   + + +     SustAt   .     (no shield)
rPois  ∞         Gourm    .     (no helmet)
rElec  .         Spirit   .     (no cloak)
rCorr  .         Warding  .     (no gloves)
rMut   .         Stasis   .     (no boots)
MR     .....                    (no amulet)
Stlth  ++........               (no ring)
                                (no ring)

@: not resistant to hostile enchantments, unstealthy
A: no food or potions, fire vulnerability, cold resistance 1, negative energy
resistance 3, torment resistance, unbreathing
a: no special abilities


You were on level 3 of the Dungeon.
You were not hungry.

You visited 1 branch of the dungeon, and saw 3 of its levels.

You collected 142 gold pieces.

Inventory:

Hand Weapons
 f - a +0 trident (weapon)
Armour
 a - a +0 robe (worn)
Scrolls
 d - 2 scrolls of identify {unknown}
 e - a scroll of fear {unknown}
Books
 b - a book of Conjurations

   Spells                             Type                      Level
   a - Magic Dart                     Conjuration                  1
   b - Searing Ray                    Conjuration                  2
   c - Dazzling Spray                 Conjuration/Hexes            3
   d - Fulminant Prism                Conjuration/Hexes            4
   e - Iskenderun's Mystic Blast      Conjuration                  4
   f - Iskenderun's Battlesphere      Conjuration/Charms           5


   Skills:
 + Level 2.2 Dodging
 - Level 1.6 Stealth
 + Level 2.6 Spellcasting
 * Level 4.6 Conjurations


You had 7 spell levels left.
You knew the following spells:

 Your Spells              Type           Power        Failure   Level  Hunger
a - Magic Dart            Conj           ###.         3%          1    N/A

Dungeon Overview and Level Annotations

Branches:
Dungeon (3/15)

Altars:
Makhleb

Portals:
Sewer: D:3

Annotations:
D:3 Grinder


Innate Abilities, Weirdness & Mutations

You do not eat or drink.
Your flesh is vulnerable to fire.
You are immune to poison.
Your flesh is cold resistant.
You are immune to negative energy.
You are immune to unholy pain and torment.
You can survive without breathing.


Message History

Grinder is heavily wounded.
Grinder closely misses you.
Casting: Magic Dart
Confirm with . or Enter, or press ? or * to list all spells.
Aiming: Magic Dart
Press: ? - help, Shift-Dir - straight line, f/p - Grinder
Aim: Grinder (heavily wounded)
The magic dart hits Grinder.
Grinder is heavily wounded.
Grinder gestures at you.
You struggle to resist.
Casting: Magic Dart
Confirm with . or Enter, or press ? or * to list all spells.
Aiming: Magic Dart
Press: ? - help, Shift-Dir - straight line, f/p - Grinder
Aim: Grinder (heavily wounded)
The magic dart hits Grinder.
Grinder is severely wounded.
Grinder hits you.
You die...

.#.[≈≈≈≈≈..
...≈≈∩≈≈..
...≈≈≈≈≈..
#...≈≈≈...
#.........
......... #.#
#........ #.# #5#
##.# #@# ##.# #.#
##.## #.# ....#
#.# ##..# #.#
##..# #.# ....#
#.#
###.############.#
# #..............#


You could see Grinder.

Vanquished Creatures
  6 adders
  A shadow imp (D:2)
  2 oozes (D:3)
  A worm (D:2)
  3 giant geckos
  An orc (D:3)
  3 ball pythons (D:3)
  5 giant cockroaches
  4 goblins
  4 hobgoblins
  4 jackals (D:1)
  9 bats
  6 giant newts
  2 kobolds (D:1)
  11 rats
62 creatures vanquished.

Notes
Turn   | Place    | Note
--------------------------------------------------------------
     0 | D:1      | Mechanique the Mummy Conjurer began the quest for the Orb.
     0 | D:1      | Reached XP level 1. HP: 13/13 MP: 3/3
   233 | D:1      | Reached XP level 2. HP: 17/19 MP: 0/5
  1213 | D:1      | Reached XP level 3. HP: 10/24 MP: 1/6
  1860 | D:2      | Reached skill level 4 in Conjurations
  2345 | D:2      | Reached XP level 4. HP: 30/30 MP: 1/7
  2723 | D:2      | Found a burning altar of Makhleb.
  3841 | D:3      | Found a glowing drain.
  3842 | D:3      | Noticed Grinder
  3877 | D:3      | Paralysed by Grinder for 4 turns
  3886 | D:3      | Slain by Grinder

Action                   |  1- 3 |  4- 6 || total
-------------------------+-------+-------++-------
Melee: Unarmed           |     5 |       ||     5
       Dagger            |    57 |    49 ||   106
       Trident           |       |    28 ||    28
 Cast: Magic Dart        |    71 |    62 ||   133
